AoeStats
← HanniBaalTricks

Arabia

508523754Analyzed
2v2 RM · 10d ago on Sep 22, 2026· 43m 46s· 4 players
Game mode
Random Map
Map size
Medium (4 player)
Population
200
Speed
Normal
Resources
Standard
Victory
Conquest
Starting age
Dark Age
Ending age
Imperial Age
RankedLock teamsTeams togetherTeam positionsShared explorationLock speedFull tech treeHidden civsTurbo modeCheats
Victory
Defeat
🇩🇪 Bohemians · Germany
1173
+16
🇩🇪 Gurjaras · Germany
1155
+16
🇨🇴 Burgundians · Colombia
1171
-16
🇨🇴 Portuguese · Colombia
1154
-16
FishX
4:41 Loom
9:46 Feudal Age
12:42 Scale Barding Armor
22:12 Castle Age
21:32 Gold Mining
21:37 Horse Collar
22:58 Double-Bit Axe
23:21 Heavy Plow
24:09 Bow Saw
23:26 Cavalier
25:16 Husbandry
26:30 Wheelbarrow
27:36 Chain Barding Armor
31:04 Hand Cart
33:47 Forging
37:26 Iron Casting
HanniBaalTricks
2:49 Loom
9:13 Feudal Age
9:57 Double-Bit Axe
15:48 Fletching
16:46 Horse Collar
21:59 Castle Age
22:26 Padded Archer Armor
22:41 Bodkin Arrow
22:08 Crossbowman
22:57 Thumb Ring
24:11 Bow Saw
25:04 Leather Archer Armor
31:56 Heavy Plow
33:37 Ballistics
36:26 Pikeman
37:08 Scale Mail Armor
42:57 Imperial Age
41:52 Town Watch
42:44 Wheelbarrow
43:10 Arbalester
43:52 Bracer
zonkibonki
6:14 Loom
9:27 Feudal Age
10:03 Double-Bit Axe
12:16 Horse Collar
18:55 Wheelbarrow
18:52 Fletching
19:03 Padded Archer Armor
22:51 Castle Age
22:56 Crossbowman
23:49 Bow Saw
23:39 Heavy Plow
23:48 Bodkin Arrow
24:35 Leather Archer Armor
27:49 Ballistics
27:57 Town Watch
34:22 Chemistry
42:28 Imperial Age
42:38 Arbalester
Herti
2:19 Loom
9:59 Feudal Age
11:06 Double-Bit Axe
11:04 Horse Collar
21:10 Castle Age
21:28 Forging
21:49 Light Cavalry
22:39 Scale Barding Armor
23:46 Bow Saw
27:36 Bow Saw
27:28 Heavy Plow
27:36 Light Cavalry
30:34 Bloodlines
30:51 Chain Barding Armor
30:54 Husbandry
33:29 Iron Casting
33:41 Wheelbarrow
34:22 Town Watch
38:33 Hand Cart
38:55 Arson
38:31 Man-at-Arms
39:18 Scale Mail Armor
39:09 Fletching
40:22 Long Swordsman
41:08 Bodkin Arrow
42:06 Padded Archer Armor
Connection lost

Rejoining the realm…

Still unreachable

The connection could not be restored.

Session expired

The server has moved on; the page needs a fresh start.